 Dungeon Crawl Stone Soup version 0.25-a0-289-g406d6369f5 (webtiles) character file.

Game seed: 12905817020670853953, levelgen mode: deterministic

219 MoonlitKnight the Chiller (level 5, -3/35 HPs)
             Began as a Merfolk Ice Elementalist on Dec 13, 2019.
             Slain by an ogre
             ... wielding a +0 giant club
              (12 damage)
             ... on level 4 of the Dungeon.
             The game lasted 00:15:50 (4059 turns).

MoonlitKnight the Chiller (MfIE)                    Turns: 4059, Time: 00:15:51

Health: -3/35      AC:  8    Str:  8    XL:     5   Next: 96%
Magic:  9/17       EV: 15    Int: 15    God:
Gold:   260        SH:  0    Dex: 15    Spells: 0/8 levels left

rFire    + + .     SeeInvis .   a - +0 quarterstaff
rCold    . . .     Gourm    .   (shield currently unavailable)
rNeg     . . .     Faith    .   x - +1 robe {rF+}
rPois    .         Spirit   .   (no helmet)
rElec    .         Reflect  .   (no cloak)
rCorr    .         Harm     .   (no gloves)
MR       .....                  (no boots)
Stlth    ++........             p - amulet of the acrobat
HPRegen  0.11/turn              s - ring of magical power
MPRegen  0.15/turn              y - ring of protection from fire

@: icy armour, very slightly contaminated
A: change form in water, swift swim, stealthy swim
a: no special abilities


You were on level 4 of the Dungeon.
You were hungry.

You visited 1 branch of the dungeon, and saw 4 of its levels.

You collected 260 gold pieces.

Inventory:

Hand Weapons
 a - a +0 quarterstaff (weapon)
 b - a +0 hunting sling
Missiles
 e - a boomerang (quivered)
 i - 66 sling bullets
 j - 49 poisoned darts
Armour
 x - a +1 robe of fire resistance (worn)
Jewellery
 p - an amulet of the acrobat (around neck)
 s - a ring of magical power (left hand)
 y - a ring of protection from fire (right hand)
Scrolls
 d - a scroll of enchant armour {unknown}
 f - 2 scrolls of amnesia {unknown}
 h - 2 scrolls of remove curse
 l - a scroll of blinking {unknown}
 m - 3 scrolls of teleportation {unknown}
 o - 3 scrolls of identify {unknown}
 q - a scroll of fear {unknown}
 u - a scroll of random uselessness {unknown}
 v - a scroll of enchant weapon {unknown}
 w - a scroll of fog {unknown}
Potions
 g - a potion of magic {unknown}
 k - a potion of lignification {unknown}
 r - 2 potions of mutation {unknown}
 t - a potion of brilliance {unknown}
Comestibles
 c - 7 rations
 n - 2 chunks of flesh


   Skills:
 + Level 5.0 Dodging
 - Level 3.3 Stealth
 - Level 2.0 Spellcasting
 + Level 2.3 Charms
 + Level 1.5 Summonings
 - Level 5.3 Ice Magic


You couldn't memorise any spells.
You knew the following spells:

 Your Spells              Type           Power        Failure   Level  Hunger
a - Freeze                Ice            ###.         2%          1    #......
b - Ozocubu's Armour      Chrm/Ice       ##......     14%         3    ###....
c - Summon Ice Beast      Ice/Summ       ##......     47%         4    #####..

Your spell library contained the following spells:

 Spells                   Type           Power        Failure   Level  Hunger
 Foxfire                  Conj/Fire      #...         22%         1    #......
 Conjure Flame            Conj/Fire      #.......     54%         3    ###....
 Inner Flame              Hex/Fire       #.......     54%         3    ###....
 Hailstorm                Conj/Ice       #.......     58%         4    #####..
 Sticky Flame             Conj/Fire      #.......     91%         4    #####..
 Fireball                 Conj/Fire      #.........   99%         5    ######.


Dungeon Overview and Level Annotations

Branches:
Dungeon (4/15)
 Temple: D:4-7

Altars:
Ashenzari
Hepliaklqana
Nemelex Xobeh
Okawaru
Vehumet
Zin


Message History

Aim: an ogre, wielding a +0 giant club You freeze the ogre.
The ogre is moderately wounded.
The ogre hits you with a +0 giant club!!
Ouch! That really hurt!
* * * LOW HITPOINT WARNING * * *
Casting: Freeze (safe; 2% risk of failure)
Confirm with . or Enter, or press ? or * to list all spells.
Aiming: Freeze (safe; 2% risk of failure)
Press: ? - help, Shift-Dir - straight line, f/p - ogre
Aim: an ogre, wielding a +0 giant club (moderately wounded)
You freeze the ogre.
The ogre is moderately wounded.
The ogre misses you.
Casting: Freeze (safe; 2% risk of failure)
Confirm with . or Enter, or press ? or * to list all spells.
A film of ice covers your body!
You are feeling hungry.
The ogre hits you with a +0 giant club!
You die...

...##.....# #......#
#####.###...## #..#'#..
........##'### ###.......
.............
.O.#....#.####..#.......
#..#....................
#..#>...#.........##)###
#..#..O.######..###...#
#.###..####@######..##.....#
.....................#.......
.....................#.......
##.###..###.........##.......
#. .........#######.###.....#
# #...#####.# #.# ##...##
##.# ##. ... ###### #. . ....
... # ## #... .


You could see an ogre.

Vanquished Creatures
  An ogre (D:4)
  A hound (D:2)
  5 adders
  An ooze (D:3)
  3 worms
  A leopard gecko (D:3)
  An orc (D:4)
  5 giant cockroaches
  4 goblins
  4 hobgoblins
  A jackal (D:4)
  6 kobolds
  2 quokkas
  7 bats
  4 frilled lizards
  5 rats
51 creatures vanquished.

Notes
Turn   | Place    | Note
-------+----------+-------------------------------------------
     0 | D:1      | MoonlitKnight the Merfolk Ice Elementalist began the quest
                  | for the Orb.
     0 | D:1      | Reached XP level 1. HP: 13/13 MP: 3/3
   282 | D:1      | Reached XP level 2. HP: 14/19 MP: 3/5
  1123 | D:2      | Reached XP level 3. HP: 24/24 MP: 2/6
  1209 | D:2      | Learned a level 3 spell: Ozocubu's Armour
  1316 | D:2      | HP: 1/24 [worm (8)]
  1318 | D:2      | Reached skill level 5 in Ice Magic
  1518 | D:2      | Reached XP level 4. HP: 15/30 MP: 0/7
  2194 | D:2      | Found a sparkling altar of Nemelex Xobeh.
  2332 | D:3      | Found a glowing silver altar of Zin.
  2428 | D:3      | Reached skill level 1 in Charms
  2449 | D:3      | Found a hazy altar of Hepliaklqana.
  2635 | D:3      | Found a shattered altar of Ashenzari.
  3059 | D:3      | Found an iron altar of Okawaru.
  3063 | D:3      | Reached XP level 5. HP: 27/35 MP: 5/8
  3249 | D:4      | Noticed an ogre
  3360 | D:4      | Learned a level 4 spell: Summon Ice Beast
  3649 | D:4      | Found a radiant altar of Vehumet.
  3755 | D:4      | Noticed an ogre
  3768 | D:4      | Killed an ogre
  3768 | D:4      | Reached skill level 1 in Summonings
  3955 | D:4      | Reached skill level 5 in Dodging
  4059 | D:4      | Slain by an ogre

Levels and vault maps discovered:
D:1:      dpeg_arrival_castle, layout_basic
D:2:      layout_basic, old_standard_altar
D:3:      layout_loops_cross, nicolae_overflow_crystal_walls,
          overflow_temple_1_default, lemuel_coloured_pillars_altar,
          lemuel_doored_altar, first_ration, minmay_splitting_lines
D:4:      kennysheep_six_static_rooms, layout_basic,
          grunt_temple_overflow_cloverleaf, lemuel_round_altar

Skill      XL: |  1  2  3  4  5 |
---------------+----------------+-----
Dodging        | 3 4 5 |  5.0
Stealth        | 3 |  3.3
Ice Magic      | 5 |  5.3
Charms         | 1 2 |  2.3
Summonings     | 1 |  1.5
Spellcasting   | |  2.0

Action                   |  1- 3 |  4- 6 || total
-------------------------+-------+-------++-------
Melee: Unarmed           |     3 |       ||     3
       Mace              |    19 |    25 ||    44
       Quarterstaff      |       |    23 ||    23
 Fire: Hunting sling     |       |    12 ||    12
Throw: Boomerang         |     4 |     4 ||     8
 Cast: Freeze            |    35 |    32 ||    67
       Ozocubu's Armour  |     1 |     2 ||     3
  Use: Scroll            |       |     1 ||     1
 Stab: Sleeping          |       |     1 ||     1
  Eat: Chunk             |     2 |     6 ||     8
       Ration            |       |     1 ||     1
Armor: Robe              |     5 |    21 ||    26
Dodge: Dodged            |    27 |    77 ||   104

Table legend:
 A = Non-vault XP
 B = Vault XP
 C = Vault XP percentage of total XP
 D = Non-vault monster count
 E = Vault monster count
 F = Vault count percentage of total count
                 A         B        C        D         E       F
            +---------+---------+-------+---------+---------+-------
      Total |     296 |      17 |   5.4 |      48 |       3 |   5.9
            +---------+---------+-------+---------+---------+-------
        D:1 |      30 |       0 |   0.0 |      20 |       0 |   0.0
        D:2 |      87 |       0 |   0.0 |      11 |       0 |   0.0
        D:3 |      51 |       0 |   0.0 |      13 |       0 |   0.0
        D:4 |     128 |      17 |  11.7 |       4 |       3 |  42.9
            +---------+---------+-------+---------+---------+-------
